 Seeded DCSS version 0.30-a0-422-g946f4849ff (webtiles) character file.

Game seed: 348138950614767258 (custom seed)

295 flotson the Sneak (level 6, 0/73 HPs)
             Began as a Demonspawn Delver on Dec 8, 2022.
             Succumbed to a goblin's poison
             ... on level 2 of the Dungeon.
             The game lasted 00:04:09 (1921 turns).

flotson the Sneak (Demonspawn Delver)               Turns: 1921, Time: 00:04:10

Health: 0/73       AC: 23    Str: 14 (15) XL:     6   Next: 11%
Magic:  6/6        EV:  2    Int:  9 (11) God:
Gold:   73         SH:  4    Dex: 13 (14) Spells: 5/5 levels left

rFire   . . .      SeeInvis .    h - +0 war axe
rCold   . . .      Faith    .    (no shield)
rNeg    . . .      Spirit   .    (body armour currently unavailable)
rPois   +          Reflect  .    (helmet currently unavailable)
rElec   .          Harm     .    (cloak currently unavailable)
rCorr   .          Rampage  .    (gloves currently unavailable)
Will    .....      NoTele   +    (boots currently unavailable)
Stlth   +++.......               (no amulet)
HPRegen 0.32/turn                (no ring)
MPRegen 0.10/turn                (no ring)

@: brilliant, lethally poisoned (0 -> -5), tree-form, attractive
A: stationary, stasis, torment immunity, boosted hp, rugged brown scales 1,
condensation shield, (cold vulnerability 1)
a: no special abilities


You were on level 2 of the Dungeon.
You were a tree.
You visited 1 branch of the dungeon, and saw 5 of its levels.

You collected 73 gold pieces.

Inventory:

Hand Weapons
 h - a +0 war axe (weapon)
Missiles
 u - 3 poisoned darts (quivered)
Armour
 b - a +0 leather armour (melded)
Wands
 g - a wand of digging (3)
 j - a wand of polymorph (14)
 n - a wand of flame (7)
Scrolls
 a - a scroll of brand weapon {unknown}
 c - a scroll of fog
 d - a scroll of magic mapping
 e - a scroll of fear
 i - a scroll of enchant armour {unknown}
 k - a scroll of poison {unknown}
 o - 2 scrolls of identify {unknown}
 q - a scroll of vulnerability {unknown}
Potions
 p - 2 potions of lignification
 s - a potion of haste
 t - a potion of curing {unknown}
 v - a potion of resistance {unknown}


   Skills:
 + Level 4.1 Fighting
 - Level 1.7 Axes
 + Level 0.1 Throwing
 + Level 2.2 Armour
 + Level 3.1 Dodging
 - Level 5.0 Stealth
 + Level 2.6 Evocations


You had 5 spell levels left.
You didn't know any spells.
Your spell library was empty.

Dungeon Overview and Level Annotations

Branches:
Dungeon (5/15)             Temple (0/1) D:4

Altars:
Gozag

Annotations:
D:5 Menkaure


Innate Abilities, Weirdness & Mutations

You are a tree.
Your roots penetrate the ground, keeping you stationary.
You cannot be teleported.
You are immune to unholy pain and torment.
Your maximum health is greatly increased.
Your equipment is partially melded.
(You are partially covered in rugged brown scales. (AC +1, +3% HP))
A meltable shield of frost defends you. (SH +4)
((You are vulnerable to cold. (rC-)))


Message History

You feel very sick. The goblin barely misses you.
Unknown command.
The goblin attacks as you move away!
The goblin hits you with a +1 dagger of venom.
You are lethally poisoned!
* * * LOW HITPOINT WARNING * * *
You feel very sick.
The goblin unwields a +1 dagger of venom.
It stops dripping with poison.
The goblin wields a +0 sling.
The goblin shoots a sling bullet.
The sling bullet closely misses you.
It was a potion of lignification.
You turn into a tree.
Your +0 leather armour melds into your body.
Your roots penetrate the ground.
* * * LOW HITPOINT WARNING * * *
You feel very sick.
The goblin shoots a sling bullet.
The sling bullet hits you but does no damage.
It was a potion of brilliance.
You feel clever all of a sudden.
* * * LOW HITPOINT WARNING * * *
You feel very sick.
The goblin shoots a sling bullet.
The sling bullet hits you.
* * * LOW HITPOINT WARNING * * *
An endoplasm comes into view.
The endoplasm quivers.
It was a potion of mutation.
You feel extremely strange.
You feel vulnerable to cold.
* * * LOW HITPOINT WARNING * * *
You feel sick.
The goblin shoots a sling bullet.
You block the sling bullet.
It was a potion of attraction.
You feel attractive to monsters.
* * * LOW HITPOINT WARNING * * *
You feel sick.
The goblin shoots a sling bullet.
The sling bullet hits you but does no damage.
The goblin is attracted toward you.
It was a potion of degeneration.
There was something very wrong with that liquid.
You feel weakened.
You feel dopey.
You feel clumsy.
You die...

#.# #
###########.#
#.#........##.#
###.#.######.##.#
....... #.......#
##..... #.##.####
#...... #.##.#
#.....##.##.#
#.§g♣....#
..........####
######.#### ...
####


You could see a goblin.

Vanquished Creatures
  A necrophage (D:4)
  3 electric eels (D:3)
  2 hounds
  3 adders
  A worm (D:2)
  4 ball pythons (D:4)
  2 endoplasms
  A giant cockroach (D:1)
  2 goblins
  4 hobgoblins
  4 jackals (D:2)
  2 kobolds
  A quokka (D:4)
  3 bats
  2 frilled lizards
  2 rats
37 creatures vanquished.

Vanquished Creatures (others)
  2 plants (D:3)
2 creatures vanquished.

Grand Total: 39 creatures vanquished

Notes
Turn   | Place    | Note
-------+----------+-------------------------------------------
     0 | D:5      | flotson the Demonspawn Delver began the quest for the Orb.
     0 | D:5      | Reached XP level 1. HP: 18/18 MP: 1/1
     1 | D:5      | Noticed a hound
    18 | D:5      | Killed a hound
    19 | D:5      | Reached skill level 1 in Evocations
    19 | D:5      | Gained mutation: You are partially covered in rugged brown
                  | scales. (AC +1, +3% HP) [demonic ancestry]
    19 | D:5      | Reached XP level 2. HP: 12/24 MP: 2/2
    19 | D:5      | Reached XP level 3. HP: 15/29 MP: 3/3
   119 | D:5      | Reached skill level 1 in Armour
   176 | D:5      | Noticed Menkaure
   299 | D:4      | Noticed a necrophage
   314 | D:4      | Killed a necrophage
   315 | D:4      | Reached XP level 4. HP: 32/36 MP: 4/4
   370 | D:4      | Reached skill level 5 in Stealth
   450 | D:4      | Found a staircase to the Ecumenical Temple.
   450 | D:4      | Noticed a scorpion
   529 | D:4      | Noticed a black bear
   573 | D:4      | Found an opulent altar of Gozag.
   674 | D:3      | Found a transporter.
   690 | D:3      | Reached XP level 5. HP: 43/43 MP: 5/5
   697 | D:3      | Found a transporter.
   829 | D:2      | Gained mutation: A meltable shield of frost defends you.
                  | (SH +4) [demonic ancestry]
   829 | D:2      | Reached XP level 6. HP: 45/49 MP: 6/6
  1919 | D:2      | Gained mutation: You are vulnerable to cold. (rC-) [potion
                  | of mutation]
  1920 | D:2      | HP: 2/73 [poisoned by a goblin]
  1921 | D:2      | Succumbed to a goblin's poison

Illustrated notes

Levels and vault maps discovered:
D:1:      sevenhm_arrival_forest_fort_small_6, layout_basic
D:2:      layout_loops_corners, basic_altar
D:3:      gammafunk_steamed_eel, layout_basic
D:4:      layout_basic, mainiacjoe_overflow_catwalk, temple_green
D:5:      nicolae_cairo_tiling_large, layout_basic, uniq_menkaure, uniq_sigmund

Skill      XL: |  1  2  3  4  5 |
---------------+----------------+-----
Dodging        | 2 3 |  3.1
Evocations     | 1 2 |  2.6
Armour         | 1 2 |  2.2
Stealth        | 5 |  5.0
Fighting       | 4 |  4.1
Axes           | |  1.7
Throwing       | |  0.1

Action                   |  1- 3 |  4- 6 || total
-------------------------+-------+-------++-------
Melee: Hand axe          |    16 |       ||    16
       War axe           |     8 |   104 ||   112
       Punch             |     2 |       ||     2
Evoke: Wand              |       |     4 ||     4
  Use: Potion            |     1 |     5 ||     6
 Stab: Sleeping          |     1 |    10 ||    11
Armor: Leather armour    |     5 |    33 ||    38
       Skin              |       |     2 ||     2
Dodge: Dodged            |    21 |    85 ||   106
Block: Other             |       |     8 ||     8

Table legend: (Time is in decaauts)
 A = Elapsed time spent in this place.
 B = Non-inter-level travel time spent in this place.
 C = Inter-level travel time spent in this place.
 D = Time resting spent in this place.
 E = Time spent auto-exploring this place.
 F = Levels seen in this place.
 G = Mean time per level.
                   A        B        C        D        E       F      G
               +--------+--------+--------+--------+--------+-----+--------+
         Total |   1955 |   1892 |     63 |     52 |   1299 |   5 |  391.0 |
       Dungeon |   1955 |   1892 |     63 |     52 |   1299 |   5 |  391.0 |
               +--------+--------+--------+--------+--------+-----+--------+

Top non-repeatable levels by time:
     D:1: 878 daAuts
     D:4: 384 daAuts
     D:5: 286 daAuts
     D:2: 259 daAuts
     D:3: 146 daAuts
